cohdb
Replays
Latest Replays
All Replays
Popular Replays
Top Player Replays
Match Explorer
How It Works
Community
CoH3 Stats
Reddit
Sign in to upload your games and track your stats! →
Sign in with Steam
Match 45767101
Unlisted
Match 45767101
Overview
Messages
Build Orders
End
Construct Infanterie Kompanie
Selects Mechanized Battlegroup
MG 42 Machine Gun Team
MG 42 Machine Gun Team
Grenadier Squad
GrW 34 Mortar Team
Construct Luftwaffe Kompanie
Jäger Squad
Jäger Squad
Medical Station
Selects Raid Package
ArEyOuMaD?
Vilan
tiffany_koebel
Bones
TeamSpeakUser
LITTLE TRICKSTER
Da Cracka Whacka
jway22
0
0
Comments
sign in to comment!
No comments posted yet!